 Dungeon Crawl Stone Soup version 0.21-a0-440-g28109cb (webtiles) character file.

228564 namelastname112 the Dancer (level 19, -2/148 HPs)
             Began as a Demonspawn Conjurer on Nov 11, 2017.
             Was a Follower of Uskayaw.
             Killed from afar by a nagaraja (38 damage)
             ... with an orb of energy
             ... on level 4 of the Snake Pit.
             The game lasted 01:31:19 (47607 turns).

namelastname112 the Dancer (Demonspawn Conjurer)   Turns: 47607, Time: 01:31:19

Health: -2/148     AC: 21    Str: 14    XL:     19   Next: 7%
Magic:  30/30      EV: 15    Int: 20    God:    Uskayaw [*.....]
Gold:   3183       SH:  8    Dex: 13    Spells: 24/27 levels left

rFire    . . .     SeeInvis .   A - +6 double sword (venom)
rCold    . . .     Gourm    .   r - +2 buckler
rNeg     + + .     Faith    .   g - +2 pearl dragon scales
rPois    +         Spirit   .   (helmet restricted)
rElec    .         Reflect  .   W - +3 cloak of Wihat {Slay+3}
rCorr    .         Harm     .   (gloves unavailable)
MR       ++++.     Clarity  +   (boots unavailable)
Stlth    +++.......             V - amulet of the Four Winds {rN+ MR+++ Clar}
HPRegen  0.34/turn              o - +4 ring of slaying
MPRegen  0.22/turn              X - ring of poison resistance

@: lethally poisoned (-2 -> -8)
A: antennae 2, claws 3, talons 3, berserk 1, foul stench 2, mutation resistance
1, spiny 2, rot immunity
a: Stomp, Renounce Religion


You were on level 4 of the Snake Pit.
You worshipped Uskayaw.
Uskayaw was pleased with you.
You were very hungry.

You visited 6 branches of the dungeon, and saw 31 of its levels.
You also visited: Trove, Ice Cave and Volcano.

You collected 4442 gold pieces.
You spent 1259 gold pieces at shops.

Inventory:

Hand Weapons
 x - a +4 dagger of draining
 A - a +6 double sword of venom (weapon)
Missiles
 I - 2 throwing nets (quivered)
Armour
 g - +2 pearl dragon scales (worn)
 r - a +2 buckler (worn)
 t - the +5 ring mail of Liberty {Str+4}
   (You took it off a deep elf blademaster on level 3 of the Elven Halls)

   It affects your strength (+4).
 N - the +1 chain mail of Gallyf {+Blink rF+ Dex+3}
   (You found it on level 6 of the Lair of Beasts)

   It affects your dexterity (+3).
   It protects you from fire.
   It lets you blink.
 W - the +3 cloak of Wihat (worn) {Slay+3}
   (You bought it in a shop on level 11 of the Dungeon)

   It affects your accuracy and damage with ranged weapons and melee attacks
   (+3).
Jewellery
 o - a +4 ring of slaying (left claw)
 v - the ring of Laos {+Inv rC+ Dex+2}
   (You found it in a treasure trove)

   [ring of dexterity]

   It affects your dexterity (+2).
   It protects you from cold.
   It lets you turn invisible.
 Q - an uncursed ring of see invisible
 V - the amulet of the Four Winds (around neck) {rN+ MR+++ Clar}
   (You bought it in a shop on level 5 of the Dungeon)

   [amulet of nothing]

   It protects you from negative energy.
   It affects your resistance to hostile enchantments.
   It protects you against confusion.
 X - a ring of poison resistance (right claw)
Wands
 e - a wand of digging (7/24)
 h - a wand of iceblast (9/15)
 y - a wand of iceblast (5/15)
 G - a wand of acid (7/15)
 Z - a wand of paralysis (11/24)
Scrolls
 j - 11 scrolls of fog
 k - 3 scrolls of fear
 q - 8 scrolls of recharging
 s - 8 scrolls of identify
 B - 5 scrolls of amnesia
 F - 3 scrolls of blinking
 L - 5 scrolls of remove curse
 S - a scroll of summoning
 T - 4 scrolls of teleportation
 U - 2 scrolls of enchant armour
Potions
 a - 9 potions of curing
 b - a potion of resistance
 d - 7 potions of haste
 i - 5 potions of brilliance
 l - 2 potions of ambrosia
 n - 5 potions of might
 p - 2 potions of mutation
 u - 2 potions of invisibility
 z - 3 potions of magic
 C - 3 potions of agility
 E - 3 potions of cancellation
 K - 3 potions of berserk rage
 R - 5 potions of flight
Miscellaneous
 f - a fan of gales
 w - a box of beasts
 H - a lamp of fire
 M - 3 sacks of spiders
 P - a lightning rod (4/4)
 Y - a phantom mirror
Comestibles
 c - 19 bread rations
 m - 17 meat rations
 O - 19 royal jellies


   Skills:
 + Level 12.6 Fighting
 - Level 12.9(13.3) Short Blades
 * Level 6.1(10.4) Long Blades
 + Level 11.6 Armour
 + Level 11.8 Dodging
 - Level 10.5 Stealth
 + Level 10.3 Shields
 - Level 4.6 Spellcasting
 - Level 6.1 Conjurations
 + Level 15.4 Invocations
 - Level 12.2 Evocations


You had 24 spell levels left.
You knew the following spells:

 Your Spells              Type           Power        Failure   Level  Hunger
x - Searing Ray           Conj           ####..       5%          2    #......
z - Magic Dart            Conj           ####         3%          1    None


Dungeon Overview and Level Annotations

Branches:
Dungeon (15/15)            Temple (1/1) D:4            Lair (6/6) D:10
  Swamp (0/4) Lair:4        Snake (4/4) Lair:4          Orc (2/2) D:10
    Elf (3/3) Orc:2        Vaults (0/5) D:14         Depths (0/5) D:15
  Slime: Lair:5-6

Altars:
Cheibriados
Dithmenos
Elyvilon
Gozag
Hepliaklqana
Kikubaaqudgha
Makhleb
Okawaru
Ru
Sif Muna
Trog
Uskayaw
Vehumet
Wu Jian
Xom
Yredelemnul
Zin
The Shining One
Beogh
Jiyva

Shops:
D:5 =   D:9 }?(   D:11 [   D:12 *   Orc:1 (   Orc:2 :[!*   Elf:1 =?!(
Elf:2 }}=

Annotations:
D:4 2 transporters
D:14 exclusion: obsidian statue
Lair:6 exclusion: 2 oklob plants


Innate Abilities, Weirdness & Mutations

You have a pair of antennae on your head.
You have claws for hands.
You have claws for feet.
You frequently emit foul miasma when damaged in melee.
You are mostly covered in sharp spines.
You are immune to rotting.
You tend to lose your temper in combat.
You are somewhat resistant to further mutation.


Message History

You take 2 damage, and have 54/148 hp.
You slash the nagaraja!
The nagaraja is moderately wounded.
You feel sick.
The nagaraja hits you with a spear of flaming!
* * * LOW HITPOINT WARNING * * *
The nagaraja burns you.
* * * LOW HITPOINT WARNING * * *
The nagaraja looks sick.
You take 15 damage, and have 39/148 hp.
You completely miss the nagaraja.
The nagaraja is moderately wounded.
You feel sick. You block the nagaraja's attack.
You take 1 damage, and have 38/148 hp.
You slash the nagaraja!
The nagaraja is heavily wounded.
You feel sick.
The nagaraja gestures at you while chanting.
The orb of energy hits you!
You die...

....######...[#####.....###
....# ###..#...##...).N.#
....# ##...##(.(.#.))#N
.#### #..####(...#†(## .
#######([[[#))# #
#.(([))#..# #...#..#..#
#...#)[#..# ###.#.@#..#
.(#.)N..# ...#.)..##
.##.#...$# .. #.##..## ..
#..#### N. ##.


You could see a nagaraja.

Vanquished Creatures
  Asterion (Elf:2)
  2 deep elf blademasters (Elf:3)
  2 deep elf master archers (Elf:3)
  Gastronok (D:9)
  Kirke (D:14)
  6 nagarajas
  8 deep elf sorcerers
  Louise (D:15)
  6 deep elf elementalists (Elf:3)
  Aizul (Snake:1)
  Nessos (Lair:4)
  5 deep elf demonologists (Elf:3)
  3 deep elf annihilators (Elf:3)
  A dire elephant (Lair:6)
  An ettin (D:14)
  Snorg (Orc:2)
  4 deep elf death magi (Elf:3)
  A fire dragon (D:15)
  2 deep elf high priests (Elf:3)
  8 hydras
  A vault guard (D:14)
  8 naga warriors
  Harold (Lair:4)
  11 anacondas
  2 death knights (D:15)
  2 catoblepae
  An ice dragon (D:15)
  4 centaur warriors
  Erica (D:8)
  7 two-headed ogres
  The ghost of soberaf the Martial Artist, a novice DgTm (Lair:2)
  34 dancing weapons
  17 death yaks
  A hell hog (Volcano)
  4 tengu warriors
  An orc high priest (Elf:1)
  3 shock serpents
  Sonja (D:14)
  14 naga sharpshooters
  12 deep elf knights
  A fire crab (Volcano)
  A skeletal warrior (D:15)
  3 salamander mystics
  3 unseen horrors
  11 deep elf archers
  A wizard (Elf:1)
  3 orc knights
  6 naga ritualists
  A harpy (shapeshifter) (D:15)
  A lindwurm (Lair:6)
  10 ugly things
  2 phantasmal warriors (D:15)
  5 oklob plants
  10 mana vipers
  A manticore (D:15)
  52 deep elf magi
  2 wolf spiders (Lair:6)
  4 cyclopes
  6 orc sorcerers (Orc:2)
  2 centaur zombies
  15 salamanders
  Maurice (D:11)
  8 elephants (Lair:6)
  19 black mambas
  18 naga magi
  3 ice statues (IceCv)
  12 guardian serpents
  2 torpor snails (Lair:6)
  2 gargoyles
  A freezing wraith (D:15)
  13 spiny frogs
  10 rime drakes
  9 komodo dragons
  3 efreet
  A yaktaur (D:14)
  A queen bee (Lair:5)
  2 tengu conjurers
  6 trolls
  3 blink frogs (Lair:1)
  3 meliai (Lair:5)
  3 dream sheep (Lair:6)
  Prince Ribbit (D:8)
  Grinder (D:5)
  10 hippogriffs
  47 yaks
  3 air elementals
  Sigmund (D:2)
  A vampire (D:13)
  3 wyverns
  4 fire elementals
  6 water elementals
  5 wraiths
  A human (shapeshifter) (Elf:1)
  3 basilisks
  3 hogs (D:14)
  A human (D:14)
  2 fire bats (Volcano)
  5 hungry ghosts
  A steam dragon (Volcano)
  41 nagas
  A soldier ant (D:14)
  7 wargs
  2 acid dragons (D:12)
  6 hell hounds
  Duvessa (D:6)
  12 water moccasins
  5 porcupines
  6 sky beasts
  21 orc warriors
  4 black bears
  10 ogres
  4 phantoms
  A necrophage (D:10)
  2 hornet zombies
  11 ice beasts
  7 wolves
  An eye of draining (D:9)
  2 boggarts (Elf:1)
  11 crocodiles
  4 centaurs
  3 big kobolds
  13 bullfrogs
  3 earth elementals
  3 wyvern zombies
  Dowan (D:6)
  A water moccasin zombie (D:5)
  A wyvern skeleton (D:10)
  6 scorpions
  43 killer bees
  5 wights
  8 electric eels
  3 lava snakes (Volcano)
  4 howler monkeys
  5 crimson imps
  9 jellies
  2 bullfrog zombies
  2 quasits
  11 centaur skeletons
  10 hounds
  19 orc priests
  Crazy Yiuf (D:7)
  5 bullfrog skeletons
  An iguana (D:12)
  Natasha (thrice) (D:2)
  39 orc wizards
  7 worker ants
  A hell rat (Lair:6)
  A killer bee zombie (D:7)
  A mummy (D:6)
  A worker ant zombie (D:6)
  15 adders
  7 gnolls
  A howler monkey skeleton (D:11)
  6 shadow imps
  7 oozes
  An adder zombie (D:6)
  A worm (D:2)
  2 dart slugs
  7 leopard geckos
  102 orcs
  3 ball pythons
  3 giant cockroaches (D:3)
  9 hobgoblins
  27 jackals
  15 kobolds
  7 quokkas
  7 bats
  6 frilled lizards
  6 goblins
  3 hobgoblin zombies (D:6)
  An orc zombie (D:6)
  A quokka skeleton (D:6)
  2 quokka zombies
  7 rats
  2 crawling corpses (Elf:3)
1159 creatures vanquished.

Vanquished Creatures (others)
  A dancing weapon (Elf:2)
  2 deep elf knights (Elf:2)
  An unseen horror (D:12)
  A deep elf mage (Elf:2)
  A water elemental (Elf:3)
  An air elemental (Elf:2)
  2 orc wizards
  A worker ant (D:5)
  An orc (Orc:2)
  A bush (Lair:6)
  14 fungi
  33 plants
59 creatures vanquished.

Grand Total: 1218 creatures vanquished

Notes
Turn   | Place    | Note
-------+----------+-------------------------------------------
     0 | D:1      | namelastname112 the Demonspawn Conjurer began the quest for the Orb.
     0 | D:1      | Reached XP level 1. HP: 13/13 MP: 3/3
   331 | D:1      | Gained mutation: You are partially covered in sharp spines. [demonic ancestry]
   331 | D:1      | Reached XP level 2. HP: 19/19 MP: 0/5
   383 | D:1      | p0werm0de: supd0g
   510 | D:1      | namelastname112: sup
   511 | D:1      | namelastname112: ??spines
   511 | D:1      | beem: spiny[1/1]: 0.16: At mutation level x, gives a 2/(39 - 6x) chance of doing (2 + (x-1)/2)d5 - enemy AC) damage to enemies in melee combat when their attack is not blocked by the player. Subject to monster AC. Level 3 prevents constriction. 0.17+: Chance is 50% and damage is (1+x)d5.
   511 | D:1      | p0werm0de: https://www.youtube.com/watch?v=h2zgB93KANE
   511 | D:1      | p0werm0de: spines so OP
   511 | D:1      | p0werm0de: gogo hs
   511 | D:1      | p0werm0de: !hs * dscj
   511 | D:1      | beem: 15007. zugundertherug the Archmage (L27 DsCj of Vehumet), escaped with the Orb and 15 runes on 2013-09-17 05:11:21, with 30106046 points after 49097 turns and 18:20:52.
   679 | D:1      | Reached XP level 3. HP: 23/24 MP: 0/7
   729 | D:1      | namelastname112: reminds me of wu tang
   734 | D:1      | Learned a level 2 spell: Searing Ray
   890 | D:1      | p0werm0de: he is one of em yee
   943 | D:2      | p0werm0de: the best ofc
  1085 | D:2      | Noticed a centaur
  1134 | D:2      | Noticed Natasha
  1148 | D:2      | Killed Natasha
  1148 | D:2      | Reached XP level 4. HP: 18/30 MP: 4/8
  1283 | D:2      | Noticed Natasha
  1296 | D:2      | Killed Natasha
  1296 | D:2      | Reached skill level 5 in Conjurations
  1383 | D:2      | Killed a centaur
  1383 | D:2      | Gained mutation: You have sharp toenails. [demonic ancestry]
  1383 | D:2      | Reached XP level 5. HP: 25/35 MP: 3/10
  1384 | D:2      | namelastname112: monstrous huh
  1483 | D:2      | p0werm0de: haha
  1589 | D:2      | Noticed Natasha
  1589 | D:2      | p0werm0de: forget caster
  1594 | D:2      | Killed Natasha
  1667 | D:2      | namelastname112: ??monstrous
  1667 | D:2      | beem: monstrous[1/3]: Pseudo-predefined mutation set guaranteeing 3 {body slot facet}s instead of 1, but no scales-type facet. 1 / 10 chance; gives "You feel monstrous as your demonic heritage exerts itself." message when you gain your first {body slot facet}.
  1667 | D:2      | p0werm0de: go uc chei
  1667 | D:2      | p0werm0de: ;D
  1667 | D:2      | p0werm0de: otherwise nice try - splat
  1667 | D:2      | p0werm0de: or makhleb
  1667 | D:2      | namelastname112: dang
  1678 | D:2      | p0werm0de: ye
  1705 | D:2      | Noticed Sigmund
  1709 | D:2      | p0werm0de: only body + cloak
  1726 | D:2      | p0werm0de: but you would have insane dmg in statue
  1732 | D:2      | Killed Sigmund
  1732 | D:2      | p0werm0de: with claws + 2x aux + spiny
  1732 | D:2      | namelastname112: that's ass
  1732 | D:2      | Gained mutation: You have razor-sharp toenails. [demonic ancestry]
  1732 | D:2      | Reached XP level 6. HP: 33/41 MP: 1/12
  1902 | D:3      | Found a white marble altar of Elyvilon.
  2393 | D:3      | p0werm0de: slay ring nice
  2646 | D:4      | Reached skill level 1 in Fighting
  2661 | D:4      | Found a transporter.
  2684 | D:4      | Reached skill level 1 in Armour
  2824 | D:4      | Reached XP level 7. HP: 47/48 MP: 8/13
  3153 | D:4      | Found a staircase to the Ecumenical Temple.
  3175 | Temple   | Entered the Ecumenical Temple
  3312 | Temple   | Became a worshipper of Uskayaw the Reveler
  3407 | D:4      | Found a transporter.
  3586 | D:4      | Reached * piety under Uskayaw
  3781 | D:5      | Entered Level 5 of the Dungeon
  3789 | D:5      | Reached ** piety under Uskayaw
  3815 | D:5      | Reached skill level 1 in Invocations
  4143 | D:5      | Reached skill level 2 in Invocations
  4143 | D:5      | Gained mutation: You have sharp fingernails. [demonic ancestry]
  4143 | D:5      | Reached XP level 8. HP: 57/58 MP: 14/14
  4145 | D:5      | Reached *** piety under Uskayaw
  4150 | D:5      | Reached **** piety under Uskayaw
  4274 | D:5      | Reached skill level 3 in Invocations
  4275 | D:5      | Reached ***** piety under Uskayaw
  4384 | D:5      | Found a shimmering altar of Xom.
  4506 | D:5      | Found Hywat's Jewellery Emporium.
  4648 | D:5      | Reached skill level 4 in Invocations
  4862 | D:5      | Noticed Grinder
  4875 | D:5      | Paralysed by Grinder for 3 turns
  4879 | D:5      | Killed Grinder
  5076 | D:5      | Found a hazy altar of Hepliaklqana.
  5139 | D:5      | Gained mutation: You are clumsy. (Dex -2) [potion of mutation]
  5139 | D:5      | Gained mutation: You possess an exceptional clarity of mind. [potion of mutation]
  5139 | D:5      | Gained mutation: You are somewhat resistant to further mutation. [potion of mutation]
  5189 | D:6      | Noticed Dowan
  5191 | D:6      | Noticed Duvessa
  5208 | D:6      | Killed Duvessa
  5208 | D:6      | Gained mutation: You are immune to rotting. [demonic ancestry]
  5208 | D:6      | Reached XP level 9. HP: 37/67 MP: 15/15
  5211 | D:6      | Killed Dowan
  5211 | D:6      | Reached skill level 1 in Short Blades
  5459 | D:6      | Reached skill level 5 in Invocations
  5506 | D:6      | Reached skill level 5 in Dodging
  5519 | D:6      | Reached skill level 5 in Fighting
  5523 | D:6      | Gained mutation: You expend magic power (3 MP) to strengthen your wands. [mutagenic meat]
  5525 | D:6      | Gained mutation: You are robust. (+10% HP) [mutagenic meat]
  5527 | D:6      | Gained mutation: Armour fits poorly on your strangely shaped body. [mutagenic meat]
  5547 | D:6      | Found a shimmering altar of Xom.
  6082 | D:6      | Found a radiant altar of Vehumet.
  6394 | D:7      | Found a basalt altar of Yredelemnul.
  6474 | D:7      | Found a runed door.
  6478 | D:7      | Noticed Crazy Yiuf
  6483 | D:7      | Killed Crazy Yiuf
  6847 | D:7      | Found a glowing golden altar of the Shining One.
  6935 | D:7      | Wingboner: Ня.
  6938 | D:7      | Killed an unseen horror
  6938 | D:7      | Reached skill level 5 in Armour
  6938 | D:7      | Reached skill level 6 in Invocations
  7002 | D:7      | namelastname112: прикинь
  7002 | D:7      | namelastname112: опять монстроус блять
  7172 | D:7      | Wingboner: Кек.
  7230 | D:7      | Wingboner: У тебя му-у-у-урсики.
  7310 | D:7      | Found a snail-covered altar of Cheibriados.
  7722 | D:8      | Gained mutation: You may emit foul miasma when damaged in melee. [demonic ancestry]
  7722 | D:8      | Reached XP level 10. HP: 83/83 MP: 16/16
  7770 | D:8      | Found an opulent altar of Gozag.
  7771 | D:8      | Found a glowing silver altar of Zin.
  7800 | D:8      | Noticed Prince Ribbit
  7804 | D:8      | Killed Prince Ribbit
  7810 | D:8      | Wingboner: Какме вообще планы? Жирный стаб?
  7853 | D:8      | Noticed Erica
  7884 | D:8      | Killed Erica
  7890 | D:8      | namelastname112: почему бы и нет
  7890 | D:8      | namelastname112: найду кб
  7890 | D:8      | namelastname112: будет заебись
  7974 | D:8      | Wingboner: У меня был прикол. Табал в невидимку, думал Эрика. Оказалась Иролча.
  7993 | D:8      | Found a viscous altar of Jiyva.
  8087 | D:8      | Found a sacrificial altar of Ru.
  8087 | D:8      | Found an iron altar of Okawaru.
  8147 | D:8      | Wingboner: Повезло, что без бана, а у меня DD, выжил.
  8147 | D:8      | namelastname112: я так блять в волтах в меннаса табал
  8147 | D:8      | namelastname112: думал, что шадоу враз
  8147 | D:8      | namelastname112: а потом сало прилетело
  8148 | D:8      | Wingboner: Кекеке.
  8192 | D:9      | Reached skill level 7 in Invocations
  8231 | D:9      | Reached skill level 5 in Short Blades
  8358 | D:9      | Found Kiaph's Gadget Shop.
  8374 | D:9      | Noticed a seven-headed hydra
  8678 | D:9      | Found a shadowy altar of Dithmenos.
  8721 | D:9      | Noticed Gastronok
  9158 | D:9      | Found Pousepsete's Antique Weapon Boutique.
  9175 | D:9      | Reached skill level 1 in Shields
  9202 | D:9      | p0werm0de: uskayawwwwwww
  9385 | D:9      | p0werm0de: just shut up and dance!
  9393 | D:9      | p0werm0de: and own gastro
  9397 | D:9      | p0werm0de: for 5 xls of hat
  9411 | D:9      | p0werm0de: so tanky
  9413 | D:9      | Killed Gastronok
  9413 | D:9      | Reached skill level 5 in Stealth
  9413 | D:9      | Gained mutation: You are mostly covered in sharp spines. [demonic ancestry]
  9413 | D:9      | Reached XP level 11. HP: 55/91 MP: 2/17
  9595 | D:9      | Killed a two-headed hydra
  9792 | D:9      | p0werm0de: im the dawg whos ahead of the lawd..!!
  9831 | D:9      | p0werm0de: did you get another t2 mut?
  9951 | D:9      | Found Roqorr's Magic Scroll Shoppe.
  9954 | D:9      | Bought a scroll of blinking for 105 gold pieces
  9973 | D:9      | p0werm0de: miasma
  9973 | D:9      | p0werm0de: :>
 10001 | D:10     | Entered Level 10 of the Dungeon
 10019 | D:10     | Wingboner: Stinky spines.
 10056 | D:10     | p0werm0de: !polymorph wingboner
 10059 | D:10     | beem: p0werm0de zaps a wand. wingboner evaporates and reforms as a harpy!
 10074 | D:10     | Reached skill level 8 in Invocations
 10119 | D:10     | Noticed a two-headed ogre
 10130 | D:10     | Wingboner: So edgy, so filthy. Typikal /b/rother.
 10132 | D:10     | Killed a two-headed ogre
 10377 | D:10     | Wingboner: !banish p0werm0de
 10377 | D:10     | beem: Wingboner casts a spell. p0werm0de is cast into the Abyss!
 10436 | D:10     | p0werm0de: dang
 10469 | D:10     | Found a staircase to the Lair.
 10540 | D:10     | p0werm0de: harpy cant banish m0n
 11014 | D:10     | Found a staircase to the Orcish Mines.
 11127 | D:10     | Wingboner: Depends.
 11158 | D:10     | Wingboner: https://vignette2.wikia.nocookie.net/parahumans/images/c/cb/Simurgh.jpg
 11365 | D:10     | p0werm0de: ok this looks nice
 11434 | D:10     | p0werm0de: ill go abyss
 11435 | D:10     | Lost mutation: Armour fits poorly on your strangely shaped body. [potion of mutation]
 11435 | D:10     | Lost mutation: You are robust. (+10% HP) [potion of mutation]
 11435 | D:10     | Lost mutation: You are clumsy. (Dex -2) [potion of mutation]
 11435 | D:10     | Gained mutation: You are weak. (Str -2) [potion of mutation]
 11666 | D:11     | Noticed a brown ugly thing
 11675 | D:11     | Killed a brown ugly thing
 12107 | D:11     | Noticed Maurice
 12278 | D:11     | Killed Maurice
 12341 | D:11     | Found Ynoerchej's Antique Armour Shop.
 12344 | D:11     | namelastname112: ух бля
 12344 | D:11     | namelastname112: ебануться
 12344 | D:11     | Bought a heavily runed cloak for 256 gold pieces
 12355 | D:11     | Noticed a two-headed ogre
 12359 | D:11     | Identified the +3 cloak of Wihat {Slay+3} (You bought it in a shop on level 11 of the Dungeon)
 12367 | D:11     | Killed a two-headed ogre
 12367 | D:11     | Reached skill level 9 in Invocations
 12819 | D:12     | Reached XP level 12. HP: 91/91 MP: 18/18
 12934 | D:12     | Gained mutation: You are clumsy. (Dex -2) [mutagenic meat]
 13047 | D:12     | Wingboner: Что тут было?
 13061 | D:12     | Wingboner: Я отходил за жрат.
 13063 | D:12     | namelastname112: магаз
 13063 | D:12     | namelastname112: а там артефактный цпа
 13063 | D:12     | namelastname112: неизвестный
 13063 | D:12     | namelastname112: клоку еще годную прикупил
 13099 | D:12     | Noticed a centaur warrior
 13107 | D:12     | Noticed a centaur warrior
 13110 | D:12     | Killed a centaur warrior
 13128 | D:12     | Killed a centaur warrior
 13132 | D:12     | Wingboner: !lg namelastname112 thisyear s=god
 13136 | D:12     | beem: 437 games for namelastname112 (thisyear): 228x, 44x Xom, 31x Gozag, 24x Dithmenos, 18x Wu Jian, 18x Ashenzari, 14x Sif Muna, 13x Kikubaaqudgha, 12x Vehumet, 9x Lugonu, 7x Cheibriados, 5x Uskayaw, 4x Nemelex Xobeh, 3x Fedhas, 2x Hepliaklqana, 2x Ru, Okawaru, Qazlal, Zin
 13193 | D:12     | Wingboner: Неблохо, не фиксируешься.
 13260 | D:12     | Found Xolagruje's General Store.
 13427 | D:12     | namelastname112: да а хули
 13427 | D:12     | namelastname112: глобал гол ачивд
 13427 | D:12     | namelastname112: теперь можно хуйней страдать
 13431 | D:12     | Wingboner: !isonline @watched
 13445 | D:12     | beem: 21 seconds since last activity (@watched)
 13494 | D:12     | Found a glowing silver altar of Zin.
 13525 | D:12     | Wingboner: !stalk watched
 13532 | D:12     | beem: ggurman the L5 OgBe^Trog in D:4 (cao tiles), T:3809, defenses: 3/10/0, stats: 33/8/8
 13548 | D:12     | Lost mutation: You are clumsy. (Dex -2) [potion of mutation]
 13548 | D:12     | Lost mutation: You are weak. (Str -2) [potion of mutation]
 13548 | D:12     | Gained mutation: Your body sometimes deteriorates upon taking damage. [potion of mutation]
 13548 | D:12     | Gained mutation: You are resistant to electric shocks. (rElec) [potion of mutation]
 13556 | D:12     | Noticed a two-headed ogre
 13564 | D:12     | Killed a two-headed ogre
 13843 | D:13     | Noticed a centaur warrior
 13858 | D:13     | Killed a centaur warrior
 14018 | D:13     | Wingboner: Ты фанатика не делал?
 14026 | D:13     | namelastname112: а че это
 14057 | D:13     | Wingboner: !fanatic Che
 14385 | D:13     | beem: Wingboner has won all races and classes for Che
 14406 | D:13     | namelastname112: а
 14406 | D:13     | namelastname112: понятно
 14406 | D:13     | namelastname112: !fanatic dith
 14476 | D:13     | Reached skill level 10 in Invocations
 14597 | D:13     | beem: Unwon races and classes for namelastname112 with dith: Barachi, Gnoll, Deep Dwarf, Hill Orc, Ghoul, Mummy, Formicid, Centaur, Human, Naga, Tengu, Deep Elf, Merfolk, Minotaur, Troll, Gargoyle, Ogre, Octopode, Kobold, Halfling, Demonspawn, Spriggan, Fire Elementalist, Chaos Knight, Wizard, Summoner, Necromancer, Air Elementalist, Venom Mage, Arcane Marksman, Earth Elementalist, Warper, Transmuter,...
 14597 | D:13     | namelastname112: он не понял чели
 14597 | D:13     | namelastname112: а
 14703 | D:14     | Noticed a tengu warrior
 14721 | D:14     | Killed a tengu warrior
 14884 | D:14     | Noticed a two-headed ogre
 14892 | D:14     | Killed a two-headed ogre
 14901 | D:14     | Wingboner: !polytheist namelastname112
 14929 | D:14     | beem: namelastname112 is a polytheist!
 14935 | D:14     | Noticed an eight-headed hydra
 14940 | D:14     | Killed an eight-headed hydra
 14954 | D:14     | Reached skill level 5 in Shields
 14954 | D:14     | Gained mutation: You frequently emit foul miasma when damaged in melee. [demonic ancestry]
 14954 | D:14     | Reached XP level 13. HP: 99/99 MP: 20/20
 15059 | D:14     | Noticed Sonja
 15064 | D:14     | Wingboner: !hs * dr
 15069 | D:14     | beem: 396650. Charly the Sensei (L27 DrTm of Cheibriados), escaped with the Orb and 15 runes on 2016-09-02 00:35:53, with 55215359 points after 26117 turns and 11:12:05.
 15069 | D:14     | Killed Sonja
 15074 | D:14     | Wingboner: !lg * dr won s=name
 15076 | D:14     | beem: 2316 games for * (dr won): 104x namelastname112, 73x Dynast, 35x 78291, 31x koboldina, 29x eeviac, 28x Sharkman1231, 26x bmfx, 25x comborobin, 25x johnnyzero, 24x Lasty, 19x rubinko, 18x alcopop, 17x removeelyvilon, 17x Mekire, 17x punpun, 15x elliptic, 14x clouded, 13x ololoev, 12x WalkerBoh, 12x HilariousDeathArtist, 12x UglyThing, 12x nago, 11x kuniqs, 11x Tenaya, 11x crate, 11x grandjackal, ...
 15078 | D:14     | Noticed an ettin
 15289 | D:14     | Wingboner: Ты отстаёшь по качеству, зато взял количеством ящерок, кек.
 15289 | D:14     | namelastname112: хм
 15289 | D:14     | namelastname112: он врет
 15289 | D:14     | namelastname112: !won . race=dr
 15289 | D:14     | beem: namelastname112 (race=dr) has won 112 times in 3516 games (3.19%): 15xDrCj 15xDrMo 11xDrWn 8xDrAs 8xDrGl 7xDrHu 5xDrAK 5xDrCK 4xDrSu 4xDrWz 3xDrEE 3xDrSk 3xDrTm 3xDrWr 2xDrAE 2xDrAM 2xDrAr 2xDrBe 2xDrEn 2xDrFi 2xDrIE 2xDrNe 1xDrFE 1xDrVM
 15694 | D:14     | Found a gate to the Vaults.
 15715 | D:14     | Wingboner: Хм.
 15720 | D:14     | Wingboner: Что-то странное.
 15728 | D:14     | Killed an ettin
 15743 | D:14     | Wingboner: Аааа.
 15895 | D:14     | Wingboner: !nick namelastname112
 15912 | D:14     | beem: Mapping namelastname112 => removemottled namelastname112
 15995 | D:14     | Wingboner: У тебя просто здесь ещё от другого ника.
 16017 | D:14     | Noticed Kirke
 16026 | D:14     | Noticed a sphinx
 16030 | D:14     | Paralysed by a sphinx for 6 turns
 16754 | D:14     | Noticed a sphinx
 16759 | D:14     | Killed Kirke
 16807 | D:15     | Entered Level 15 of the Dungeon
 17401 | D:15     | Reached skill level 10 in Short Blades
 17607 | D:15     | Reached skill level 11 in Invocations
 18338 | D:15     | Noticed a fire dragon
 18408 | D:15     | Gained mutation: You have a pair of small antennae on your head. [demonic ancestry]
 18408 | D:15     | Reached XP level 14. HP: 85/108 MP: 22/22
 18545 | D:15     | Found a portal to a secret trove of treasure.
 19161 | D:15     | Wingboner: !lg . dr won s=char,god
 19163 | D:15     | beem: 3 games for Wingboner (dr won): 2x DrTm (2x Cheibriados), DrSk (Cheibriados)
 19360 | D:15     | Found a staircase to the Depths.
 19563 | D:15     | Noticed Louise
 19599 | D:15     | Killed Louise
 19955 | Lair:1   | Entered Level 1 of the Lair of Beasts
 19960 | Lair:1   | Wingboner: О, холодильник.
 19960 | Lair:1   | Wingboner: Есть резист?
 19960 | Lair:1   | namelastname112: неа
 19960 | Lair:1   | namelastname112: еще и вулкан
 19963 | Lair:1   | Found a dark tunnel.
 19971 | Lair:1   | Wingboner: Успеешь.
 19972 | Volcano  | Entered a volcano
 19973 | Volcano  | Wingboner: Вулкан прямо тут.
 20066 | Volcano  | Found a burning altar of Makhleb.
 20236 | Volcano  | Found a burning altar of Makhleb.
 20272 | Lair:1   | Wingboner: Забери трусы.
 20294 | Lair:1   | Wingboner: Поздно.
 20327 | Lair:1   | namelastname112: какие трусы
 20373 | Lair:1   | Found a deep blue altar of Sif Muna.
 20392 | Lair:1   | Found a frozen archway.
 20401 | IceCv    | Entered an ice cave
 20927 | Lair:1   | Wingboner: Там была броня с rF, как обычно в вулканах. Может, лучше твоей.
 20948 | Lair:1   | namelastname112: плейт чтоль
 21219 | Lair:1   | Wingboner: Угу.
 21253 | Lair:1   | namelastname112: тяжело
 21273 | Lair:1   | Wingboner: >>>>>выбрасывать такую-то шапку
 21379 | Lair:1   | You fall through a shaft!
 21380 | Lair:2   | Wingboner: А хотя ты монстряк.
 21405 | Lair:2   | Wingboner: Всё равно скоро свалилась бы.
 21463 | Lair:2   | Noticed soberaf's ghost (novice DgTm)
 21573 | Lair:2   | Killed soberaf's ghost
 21940 | Lair:2   | Reached skill level 12 in Invocations
 22442 | Lair:3   | Reached skill level 10 in Fighting
 22965 | Lair:4   | Noticed Harold
 22982 | Lair:4   | Killed Harold
 23224 | Lair:4   | Found a staircase to the Swamp.
 23355 | Lair:4   | Found a staircase to the Snake Pit.
 23371 | Lair:4   | namelastname112: блять
 23371 | Lair:4   | namelastname112: хотел кастером поиграть
 23371 | Lair:4   | namelastname112: а в результате ножом тыкаю опять
 23421 | Lair:4   | Noticed Nessos
 23429 | Lair:4   | Killed Nessos
 23429 | Lair:4   | Reached XP level 15. HP: 110/115 MP: 21/24
 23704 | Lair:5   | Reached ****** piety under Uskayaw
 24546 | Lair:6   | Entered Level 6 of the Lair of Beasts
 24744 | Lair:6   | Wingboner: У меня часто наоборот. Например, хотел троллем диавольски метко пошвыряться камнями, начал ворпером.
 24914 | Lair:6   | Wingboner: Но случайно нашёл Хроники, получился сингулятор.
 25060 | Lair:6   | Wingboner: Или вот DDFi Хлеба текущий. Внезапно уже статуя и качает торнадо.
 25483 | Lair:6   | Reached skill level 10 in Dodging
 26428 | Lair:6   | Got a fine chain mail
 26666 | Lair:6   | Reached skill level 13 in Invocations
 26806 | Lair:6   | Reached skill level 10 in Stealth
 27115 | Lair:6   | Identified the cursed +1 chain mail of Gallyf {+Blink rF+ Dex+3} (You found it on level 6 of the Lair of Beasts)
 27388 | Lair:6   | Found the +0 Maxwell's etheric cage {RegenMP+ *Contam rElec MP+4}
 27508 | Lair:6   | namelastname112: блять
 27508 | Lair:6   | namelastname112: пиздатые книги на кастера
 27508 | Lair:6   | namelastname112: пиздатые шапки на кастера
 27508 | Lair:6   | namelastname112: мануал кожураций блять
 27508 | Lair:6   | namelastname112: а я МОНСТРОУС
 27530 | Lair:6   | Reached skill level 10 in Armour
 27698 | Lair:6   | Found the +2 ratskin cloak {+Rats rPois rN+ Str-1 Int-1 Dex+1}
 27711 | Lair:6   | Lost mutation: You expend magic power (3 MP) to strengthen your wands. [potion of mutation]
 27711 | Lair:6   | Lost mutation: Your body sometimes deteriorates upon taking damage. [potion of mutation]
 27711 | Lair:6   | Lost mutation: You are resistant to electric shocks. (rElec) [potion of mutation]
 27711 | Lair:6   | Lost mutation: You possess an exceptional clarity of mind. [potion of mutation]
 27711 | Lair:6   | Gained mutation: You have claws for feet. [potion of mutation]
 27712 | Lair:6   | Wingboner: Так учи статую.
 28064 | D:15     | namelastname112: не
 28064 | D:15     | namelastname112: я уже ножей накачал
 28078 | D:15     | You paid a toll of 6 potions of agility to enter a treasure trove
 28079 | Trove    | Entered a treasure trove
 28118 | Trove    | Got a scorched marble ring
 28135 | Trove    | Identified the ring of Laos {+Inv rC+ Dex+2} (You found it in a treasure trove)
 28405 | Orc:1    | Entered Level 1 of the Orcish Mines
 28695 | Orc:2    | Entered Level 2 of the Orcish Mines
 28733 | Orc:2    | Noticed Snorg
 28742 | Orc:2    | Killed Snorg
 28821 | Orc:2    | Found a roughly hewn altar of Beogh.
 29001 | Orc:2    | Found Eggaffot's Distillery.
 29022 | Orc:2    | Found Wieluip's Assorted Antiques.
 29035 | Orc:2    | Gained mutation: You have a pair of antennae on your head. [demonic ancestry]
 29035 | Orc:2    | Reached XP level 16. HP: 124/124 MP: 25/25
 29045 | Orc:2    | Bought a scroll labeled BEIDGH USCHOE for 25 gold pieces
 29059 | Orc:2    | Bought a potion of heal wounds for 85 gold pieces
 29086 | Orc:2    | Found Wufoschue's Antique Armour Boutique.
 29104 | Orc:2    | Found Walo's Book Shoppe.
 29192 | Orc:2    | Found a staircase to the Elven Halls.
 29677 | Orc:1    | Found Menoan's Weapon Boutique.
 29787 | Orc:1    | Iwannabefree: ohayouy
 29906 | Orc:1    | namelastname112: sup
 30076 | D:5      | Bought the amulet of the Four Winds {rN+ MR+++ Clar} for 482 gold pieces
 30076 | D:5      | Found the amulet of the Four Winds {rN+ MR+++ Clar}
 30273 | Elf:1    | Entered Level 1 of the Elven Halls
 30388 | Elf:1    | Found Batowet's Jewellery Shop.
 30389 | Elf:1    | Found Epsukimo's Distillery.
 30389 | Elf:1    | Found Qyrigyep's Magic Scroll Shop.
 30394 | Elf:1    | Found Juibaxide's Antique Weapon Boutique.
 30413 | Elf:1    | Reached skill level 1 in Evocations
 30420 | Elf:1    | Bought a potion of heal wounds for 90 gold pieces
 30420 | Elf:1    | Bought a potion of curing for 54 gold pieces
 30420 | Elf:1    | Bought a potion of curing for 54 gold pieces
 30420 | Elf:1    | Bought a potion of curing for 54 gold pieces
 30420 | Elf:1    | Bought a potion of curing for 54 gold pieces
 32636 | Elf:2    | Found Xeloriry's Jewellery Emporium.
 32636 | Elf:2    | Found Qyssi's Gadget Shop.
 32638 | Elf:2    | Found Iskurof's Gadget Shop.
 33043 | Elf:2    | Found a runed gate.
 33043 | Elf:2    | Found a runed gate.
 33043 | Elf:2    | Found a runed gate.
 33047 | Elf:2    | Reached skill level 5 in Evocations
 34072 | Elf:2    | Noticed Asterion
 34088 | Elf:2    | HP: 5/125 [antimagic lajatang (22)]
 34090 | Elf:2    | Wingboner: Ой, да как что-то.
 34092 | Elf:2    | Wingboner: Я вот топоры вкачал.
 34095 | Elf:2    | Wingboner: &dump
 34095 | Elf:2    | beem: http://CRAWL.XTAHUA.COM/crawl/morgue/casual/casual.txt
 34788 | Elf:1    | namelastname112: пиздец
 34788 | Elf:1    | namelastname112: чет больно это было
 34837 | Elf:2    | Gained mutation: You have very sharp fingernails. [demonic ancestry]
 34837 | Elf:2    | Reached XP level 17. HP: 69/131 MP: 27/27
 35057 | Elf:3    | Entered Level 3 of the Elven Halls
 35058 | Elf:3    | Wingboner: А что ты хотел с едва прикрытой жопой против углублённых эльфов?
 35064 | Elf:3    | namelastname112: лол
 35064 | Elf:3    | namelastname112: хотел пизды раздать
 35064 | Elf:3    | namelastname112: еще кб хотел
 35192 | Elf:3    | namelastname112: суть в том
 35192 | Elf:3    | namelastname112: что эльфы вообще хуита
 35192 | Elf:3    | namelastname112: меня оружие ебет
 35230 | Elf:3    | Reached skill level 10 in Evocations
 36243 | Elf:3    | Iwannabefree: +4
 36245 | Elf:3    | Iwannabefree: даггер
 36252 | Elf:3    | Iwannabefree: (дрейн)
 36270 | Elf:3    | Iwannabefree: гы
 36298 | Elf:3    | Wingboner: Надо было к Че идти.
 36372 | Elf:3    | Wingboner: У него есть кнопка "унизить всё оружие".
 36572 | Elf:3    | namelastname112: у меня такое ощущение
 36572 | Elf:3    | namelastname112: что чеи тебе платит
 36572 | Elf:3    | namelastname112: за рекламу
 36608 | Elf:3    | Wingboner: Кек.
 37347 | Elf:3    | Wingboner: Ну он правда универсальный ответ.
 37356 | Elf:3    | Wingboner: Ногебучий.
 37376 | Elf:3    | Got a blackened scimitar {slice}
 37407 | Elf:3    | Noticed a deep elf blademaster
 37413 | Elf:3    | Killed a deep elf blademaster
 37597 | Elf:3    | Noticed a deep elf master archer
 37598 | Elf:3    | Noticed a deep elf master archer
 37609 | Elf:3    | Killed a deep elf master archer
 37609 | Elf:3    | Reached skill level 14 in Invocations
 37616 | Elf:3    | Killed a deep elf master archer
 38172 | Elf:3    | Iwannabefree: нет
 38172 | Elf:3    | Identified the cursed +0 scimitar of Heocs {slice, rElec rPois rF+} (You took it off a deep elf death mage on level 3 of the Elven Halls)
 38173 | Elf:3    | Iwannabefree: взял бы аш
 38174 | Elf:3    | Iwannabefree: уже бы ебал всю карту торнадо
 38249 | Elf:3    | Got pitted fire dragon scales
 38260 | Elf:3    | Identified the cursed +0 fire dragon scales of the Spider Nest {rF++ rC- Regen+ Int+3 Dex+2 Slay-3} (You found it on level 3 of the Elven Halls)
 38550 | Elf:3    | Noticed a deep elf blademaster
 38579 | Elf:3    | Killed a deep elf blademaster
 38582 | Elf:3    | Wingboner: Ну, с Че тоже несложно к первой руне вкачать.
 38593 | Elf:3    | Got a steaming ring mail
 38594 | Elf:3    | Identified the +5 ring mail of Liberty {Str+4} (You took it off a deep elf blademaster on level 3 of the Elven Halls)
 39709 | Elf:2    | Gained mutation: You tend to lose your temper in combat. [a cacodemon]
 39710 | Elf:2    | Killed Asterion
 40121 | Elf:2    | Reached XP level 18. HP: 51/139 MP: 28/28
 40744 | Snake:1  | Entered Level 1 of the Snake Pit
 41258 | Snake:1  | Reached skill level 1 in Long Blades
 41470 | Snake:1  | Noticed Aizul
 41478 | Snake:1  | Killed Aizul
 43386 | Snake:2  | namelastname112: бля
 43386 | Snake:2  | namelastname112: юзать еще бренж
 43386 | Snake:2  | namelastname112: бренд*
 43386 | Snake:2  | namelastname112: или ну нахуй?
 43427 | Snake:2  | Iwannabefree: uzai
 43438 | Snake:2  | Iwannabefree: vamp proknet
 43442 | Snake:2  | Iwannabefree: zatabaesh
 43448 | Snake:2  | Wingboner: Вангую яд.
 43455 | Snake:2  | namelastname112: eee
 43456 | Snake:2  | namelastname112: бля
 43456 | Snake:2  | namelastname112: теле на десяточку лять
 43484 | Snake:2  | Wingboner: Телефрагер должен страдать.
 43485 | Snake:2  | namelastname112: j
 43485 | Snake:2  | namelastname112: o
 43485 | Snake:2  | namelastname112: poison
 43489 | Snake:1  | Wingboner: Я ж говорил =)
 43673 | Snake:1  | Identified a scroll of acquirement
 43788 | Snake:1  | namelastname112: че просим
 43788 | Snake:1  | Wingboner: Бронь.
 43788 | Snake:1  | namelastname112: ну давай бронь
 43800 | Snake:1  | Wingboner: Вполне такая вменяемая бронью.
 43800 | Snake:1  | namelastname112: нормас
 44671 | Snake:3  | Reached skill level 15 in Invocations
 44674 | Snake:3  | Reached skill level 10 in Shields
 45746 | Snake:4  | Entered Level 4 of the Snake Pit
 45750 | Snake:4  | Reached skill level 5 in Long Blades
 46347 | Snake:3  | namelastname112: ой бля
 46347 | Snake:3  | namelastname112: уже четвертый этаж
 47468 | Snake:4  | Gained mutation: You have claws for hands. [demonic ancestry]
 47468 | Snake:4  | Reached XP level 19. HP: 98/147 MP: 30/30
 47607 | Snake:4  | Killed from afar by a nagaraja

Vault maps used:
D:1:      ncdulo_smallfort
D:2:      grunt_decor_mini_mirrors, uniq_natasha, uniq_sigmund
D:3:      lemuel_doored_altar, st_stairs_5
D:4:      gammafunk_cloud_chamber, minmay_temple_entry_glassed_door, first_bread
D:5:      marbit_many_paths, serial_shops, nicolae_shop_window_shopping,
          xom_confusion_cloud, uniq_grinder
D:6:      fiery_altar_vehumet, basic_altar, minmay_mini_ossuary, uniq_duvessa
D:7:      grunt_temple_overflow_holy_war, cheibriados_altar_1,
          uniq_crazy_yiuf_cottage
D:8:      grunt_temple_overflow_gold_and_silver, gammafunk_temple_overflow_wave,
          hangedman_little_slice_of_home, corexii_corridor_pit,
          uniq_prince_ribbit1, uniq_erica
D:9:      kennysheep_big_flooded_room, serial_shops, shop, kennysheep_mini_moat,
          kennysheep_little_box, basic_altar, uniq_gastronok
D:10:     minmay_lair_entry_lava, erik_orc_2, grunt_ministairs_6
D:11:     cheibrodos_barr_body, serial_shops, shop_statue, grunt_ministairs_10,
          uniq_maurice
D:12:     basic_altar, serial_shops, nicolae_shop_waterfront,
          minmay_pinched_square
D:13:     minmay_misc_feat_tiny
D:14:     david_vaults_5, minmay_misc_feat_more_columns, minivault_16,
          uniq_sonja, uniq_kirke
D:15:     grunt_enter_depths_hoard, serial_bayou_ford_a,
          nicolae_trove_entry_free_sample, hangedman_abyss_or_decor_slice,
          amethyst_killhole, minmay_misc_feat_five, uniq_louise
Temple:   minmay_temple_forest_path
Lair:1:   portal_ice_cave_entry_pillars_1, nicolae_volcano_entry_lava_flow,
          hangedman_lair_unloving_vines, lemuel_oklob_altar
Lair:4:   minmay_swamp_entry_eels, guppyfry_snake_entry_garden, uniq_nessos,
          uniq_harold
Lair:5:   special_room
Lair:6:   hangedman_lair_in_review, minmay_slime_entry_oklob_enclosed,
          minmay_lair_drake_nest, minmay_lair_oklob_chamber
Snake:1:  cheibrodos_snake_lava_hold, nrook_guardian_serpent_double,
          serial_bayou_shore_b, uniq_aizul
Snake:2:  nicolae_aizul_guard
Snake:4:  grunt_snake_rune_serpentine_throne, serial_bayou_pond_b, uniq_nikola
Orc:1:    serial_shops, shop
Orc:2:    st_orc_town, uniq_snorg
Elf:1:    hangedman_elf_disciples, minmay_shoptagon
Elf:2:    minmay_shop_grove, uniq_asterion
Elf:3:    grunt_elf_hall_diamonds, minmay_misc_feat_rows
Trove:    trove_garden
IceCv:    ice_cave_statue_garden_chambered
Volcano:  volcano_grotto

Skill      XL: |  1  2  3  4  5  6  7  8  9 10 11 12 13 14 15 16 17 18 19 |
---------------+----------------------------------------------------------+-----
Spellcasting   | 3 4 |  4.6
Conjurations   | 5 6 |  6.1
Dodging        | 2 3 4 5 6 7 8 9 10 11 | 11.8
Fighting       | 1 3 4 5 6 7 8 9 10 11 12 | 12.6
Armour         | 1 2 4 5 6 7 8 9 10 11 | 11.6
Invocations    | 2 4 6 7 9 10 11 12 13 14 15 | 15.4
Short Blades   | 4 5 7 9 10 11 12 | 12.9
Stealth        | 3 5 6 7 8 9 10 | 10.5
Shields        | 1 3 5 6 7 8 9 10 | 10.3
Evocations     | 9 12 | 12.2
Long Blades    | 5 6 |  6.1

Action                   |  1- 3 |  4- 6 |  7- 9 | 10-12 | 13-15 | 16-18 | 19-21 || total
-------------------------+-------+-------+-------+-------+-------+-------+-------++-------
Melee: Unarmed           |    16 |       |       |       |     3 |       |       ||    19
       Short sword       |     2 |    43 |   186 |       |       |       |       ||   231
       Dagger            |    39 |     4 |    76 |   687 |  1448 |   715 |       ||  2969
       Scimitar          |       |       |       |     6 |     4 |       |       ||    10
       Kick              |       |       |       |       |    34 |   335 |     7 ||   376
       Double sword      |       |       |       |       |       |   388 |    34 ||   422
Throw: Throwing net      |       |       |       |       |       |     3 |       ||     3
 Cast: Magic Dart        |    48 |    54 |     9 |       |       |       |       ||   111
       Searing Ray       |     1 |     6 |     1 |       |       |       |       ||     8
Invok: Line Pass         |       |       |       |     1 |     2 |       |       ||     3
       Grand Finale      |       |       |       |     1 |     1 |     2 |       ||     4
       Stomp             |       |       |       |       |     1 |     5 |       ||     6
 Abil: Evoke Invisibilit |       |       |       |       |       |     9 |       ||     9
Evoke: Wand              |       |       |       |     4 |     6 |     1 |       ||    11
       Phantom mirror    |       |       |       |       |     1 |       |       ||     1
       Lamp of fire      |       |       |       |       |       |     2 |       ||     2
  Use: Scroll            |       |       |    17 |    13 |     8 |    28 |       ||    66
       Potion            |       |       |     1 |     4 |     7 |    15 |       ||    27
 Stab: Sleeping          |     1 |     2 |     2 |    13 |     7 |     6 |       ||    31
       Paralysed         |       |       |     9 |    42 |    92 |    93 |     4 ||   240
       Distracted        |       |       |       |     2 |     1 |     3 |       ||     6
       Invisible         |       |       |       |       |    12 |    27 |       ||    39
       Petrifying        |       |       |       |       |     1 |       |       ||     1
       Held in net/web   |       |       |       |       |       |     2 |       ||     2
  Eat: Chunk             |     1 |     5 |    15 |    29 |    30 |    16 |       ||    96
       Royal jelly       |       |       |     4 |       |     7 |    11 |       ||    22
       Fruit             |       |       |       |     2 |     8 |    13 |       ||    23
       Meat ration       |       |       |       |       |       |     2 |       ||     2
       Bread ration      |       |       |       |       |       |     1 |       ||     1
Armor: Robe              |    17 |     3 |       |       |       |       |       ||    20
       Skin              |       |    11 |       |       |       |       |       ||    11
       Ring mail         |       |    12 |    80 |   166 |   109 |       |       ||   367
       Chain mail        |       |       |       |       |   206 |   233 |       ||   439
       Pearl dragon scal |       |       |       |       |       |    82 |    12 ||    94
Dodge: Dodged            |    46 |    43 |   176 |   300 |   475 |   340 |     9 ||  1389
Block: Buckler           |       |       |       |   101 |   191 |   261 |    12 ||   565
       Rpst.: Double sword |       |       |       |       |       |    43 |     2 ||    45

Table legend:
 A = Spawn XP
 B = Non-spawn XP
 C = Spawn XP percentage of total XP
 D = Spawn monster count
 E = Non-spawn monster count
 F = Spawn count percentage of total count
 G = Total turns spent on level
                    A         B        C        D         E        F      G
               +---------+---------+-------+---------+---------+-------+---------
         Total |       0 |  383910 |   0.0 |       0 |    1160 |   0.0 | 47607
               +---------+---------+-------+---------+---------+-------+---------
           D:1 |       0 |      48 |   0.0 |       0 |      25 |   0.0 |   936
           D:2 |       0 |     463 |   0.0 |       0 |      22 |   0.0 |   891
           D:3 |       0 |     105 |   0.0 |       0 |      34 |   0.0 |   814
           D:4 |       0 |     640 |   0.0 |       0 |      23 |   0.0 |  1387
           D:5 |       0 |    1387 |   0.0 |       0 |      32 |   0.0 |  1091
           D:6 |       0 |     861 |   0.0 |       0 |      27 |   0.0 |  1087
           D:7 |       0 |    1877 |   0.0 |       0 |      19 |   0.0 |  1300
           D:8 |       0 |    2076 |   0.0 |       0 |      18 |   0.0 |   812
           D:9 |       0 |    5219 |   0.0 |       0 |      35 |   0.0 |  1643
          D:10 |       0 |    4211 |   0.0 |       0 |      67 |   0.0 |  1962
          D:11 |       0 |    4759 |   0.0 |       0 |      33 |   0.0 |  1209
          D:12 |       0 |    8392 |   0.0 |       0 |      41 |   0.0 |  1142
          D:13 |       0 |    4305 |   0.0 |       0 |      16 |   0.0 |   924
          D:14 |       0 |   16924 |   0.0 |       0 |      39 |   0.0 |  2778
          D:15 |       0 |   25255 |   0.0 |       0 |      62 |   0.0 |  2494
        Lair:1 |       0 |    3135 |   0.0 |       0 |      11 |   0.0 |   715
        Lair:2 |       0 |    4436 |   0.0 |       0 |      17 |   0.0 |   793
        Lair:3 |       0 |    3331 |   0.0 |       0 |      18 |   0.0 |   769
        Lair:4 |       0 |   10265 |   0.0 |       0 |      31 |   0.0 |  1115
        Lair:5 |       0 |    6104 |   0.0 |       0 |      33 |   0.0 |   920
        Lair:6 |       0 |   37248 |   0.0 |       0 |      86 |   0.0 |  3228
       Snake:1 |       0 |   18253 |   0.0 |       0 |      31 |   0.0 |  2376
       Snake:2 |       0 |   31489 |   0.0 |       0 |      59 |   0.0 |  1240
       Snake:3 |       0 |   10444 |   0.0 |       0 |      20 |   0.0 |  1630
       Snake:4 |       0 |   32458 |   0.0 |       0 |      55 |   0.0 |  1351
         Orc:1 |       0 |    4157 |   0.0 |       0 |      35 |   0.0 |   583
         Orc:2 |       0 |    7466 |   0.0 |       0 |      81 |   0.0 |  1077
         Elf:1 |       0 |   24004 |   0.0 |       0 |      45 |   0.0 |  2638
         Elf:2 |       0 |   41869 |   0.0 |       0 |      58 |   0.0 |  3788
         Elf:3 |       0 |   66830 |   0.0 |       0 |      64 |   0.0 |  3863
         IceCv |       0 |    3253 |   0.0 |       0 |      11 |   0.0 |   444
       Volcano |       0 |    2646 |   0.0 |       0 |      12 |   0.0 |   299
               +---------+---------+-------+---------+---------+-------+---------
